 Dungeon Crawl Stone Soup version 0.21.1-1-g345015f (webtiles) character file.

27301 equalderp2856 the Severer (level 13, -1/114 HPs)
             Began as a Minotaur Fighter on May 12, 2018.
             Incinerated by a smoke demon (2 damage)
             ... with a sticky flame
             ... on level 2 of the Orcish Mines.
             The game lasted 00:38:53 (24576 turns).

equalderp2856 the Severer (Minotaur Fighter)       Turns: 24576, Time: 00:38:53

Health: -1/114     AC: 17    Str: 21    XL:     13   Next: 3%
Magic:  13/13      EV:  9    Int:  7    God:
Gold:   1487       SH: 13    Dex: 13    Spells: 11/12 levels left

rFire    + . .     SeeInvis +   b - +2 war axe (elec)
rCold    . . .     Gourm    +   c - +0 shield
rNeg     . . .     Faith    .   x - +1 plate armour {rF+}
rPois    .         Spirit   .   (helmet restricted)
rElec    .         Reflect  .   I - scarf {repulsion}
rCorr    .         Harm     .   u - +0 pair of gloves
MR       +....                  (no boots)
Stlth    ..........             y - amulet of the gourmand
HPRegen  0.29/turn              A - ring of protection from magic
MPRegen  0.13/turn              V - ring of see invisible

@: liquid flames, flying, glowing, drained, repel missiles
A: retaliatory headbutt, horns 2
a: no special abilities


You were on level 2 of the Orcish Mines.
You were near starving.

You visited 2 branches of the dungeon, and saw 15 of its levels.
You also visited: Labyrinth.

You collected 1487 gold pieces.

Inventory:

Hand Weapons
 a - a +0 war axe
 b - a +2 war axe of electrocution (weapon)
 B - a +0 trident
 W - the +3 hand axe of Ascent {drain, rF+ rC+}
   (You found it in a labyrinth)

   A truly terrible weapon, it drains the life of those it strikes.
   It protects you from fire.
   It protects you from cold.
 X - the +7 morningstar "Newtbane" {pain, Str+6, unknown}
   (You found it in a labyrinth)

   In the hands of one skilled in necromantic magic, it inflicts extra damage on
   living creatures.
   It affects your strength (+6).
Armour
 c - a +0 shield (worn)
 m - a +0 plate armour
 n - a +0 cloak
 u - a +0 pair of gloves (worn)
 x - a +1 plate armour of fire resistance (worn)
 I - a scarf of repulsion (worn)
Magical Staves
 Y - an uncursed staff of death {unknown}
Jewellery
 h - an uncursed ring of loudness
 t - an uncursed ring of positive energy
 y - an amulet of the gourmand (around neck)
 A - a ring of protection from magic (left hand)
 V - a ring of see invisible (right hand)
Wands
 d - a wand of flame (16)
 J - a wand of digging (12)
 L - a wand of clouds (9)
 M - a wand of scattershot (7)
 P - a wand of enslavement (12)
 Q - a wand of paralysis (13)
 S - a wand of iceblast (9)
Scrolls
 g - 2 scrolls of identify
 i - 8 scrolls of remove curse
 j - 3 scrolls of noise
 l - 2 scrolls of immolation
 o - 5 scrolls of amnesia
 q - 4 scrolls of enchant weapon
 w - 3 scrolls of teleportation
 D - 2 scrolls of fog {unknown}
 E - 2 scrolls of random uselessness {unknown}
 K - a scroll of brand weapon {unknown}
 O - 2 scrolls of enchant armour {unknown}
 T - 3 scrolls of fear {unknown}
Potions
 e - a potion of resistance
 k - 3 potions of brilliance
 p - a potion of agility
 r - a potion of degeneration
 s - 4 potions of haste
 z - 2 potions of invisibility
 G - 2 potions of lignification
 H - a potion of flight
 R - a potion of ambrosia {unknown}
Books
 v - a book of Flames

   Spells                             Type                      Level
   a - Flame Tongue                   Conjuration/Fire             1
   b - Throw Flame                    Conjuration/Fire             2
   c - Conjure Flame                  Conjuration/Fire             3
   d - Inner Flame                    Hexes/Fire                   3
   e - Sticky Flame                   Conjuration/Fire             4
   f - Fireball                       Conjuration/Fire             5
 C - a book of Cantrips

   Spells                             Type                      Level
   a - Confusing Touch                Hexes                        1
   b - Animate Skeleton               Necromancy                   1
   c - Summon Small Mammal            Summoning                    1
   d - Apportation                    Translocation                1
 F - a book of Callings

   Spells                             Type                      Level
   a - Summon Small Mammal            Summoning                    1
   b - Call Imp                       Summoning                    2
   c - Call Canine Familiar           Summoning                    3
   d - Summon Guardian Golem          Hexes/Summoning              3
   e - Summon Lightning Spire         Summoning/Air                4
   f - Summon Ice Beast               Ice/Summoning                4
 N - a book of Flames

   Spells                             Type                      Level
   a - Flame Tongue                   Conjuration/Fire             1
   b - Throw Flame                    Conjuration/Fire             2
   c - Conjure Flame                  Conjuration/Fire             3
   d - Inner Flame                    Hexes/Fire                   3
   e - Sticky Flame                   Conjuration/Fire             4
   f - Fireball                       Conjuration/Fire             5
 U - a Fen Folio

   Spells                             Type                      Level
   a - Corpse Rot                     Necromancy                   2
   b - Stone Arrow                    Conjuration/Earth            3
   c - Leda's Liquefaction            Hexes/Earth                  4
   d - Summon Forest                  Summoning/Translocation      5
   e - Hydra Form                     Transmutation                6
   f - Summon Hydra                   Summoning                    7
Miscellaneous
 Z - a box of beasts
Comestibles
 f - 17 rations


   Skills:
 + Level 10.6(10.3) Fighting
 + Level 15.3(14.9) Axes
 + Level 11.9(11.5) Armour
 + Level 5.9(5.6) Dodging
 + Level 3.3(3.0) Stealth
 + Level 12.4(12.0) Shields
 + Level 1.8(1.5) Evocations


You had 11 spell levels left.
You knew the following spells:

 Your Spells              Type           Power        Failure   Level  Hunger
a - Apportation           Tloc           #.....       100%        1    ##.....


Dungeon Overview and Level Annotations

Branches:
Dungeon (13/15)            Temple (0/1) D:5            Lair (0/6) D:11
    Orc (2/2) D:12            Elf (0/3) Orc:2
 Vaults: D:13-14

Altars:
Ashenzari
Dithmenos
Elyvilon
Fedhas
Gozag
Okawaru
Qazlal
Uskayaw
The Shining One

Shops:
D:8 (

Annotations:
D:7 exclusion: oklob plant, Verendum's ghost, novice DDFi
D:13 Frances


Innate Abilities, Weirdness & Mutations

You reflexively headbutt those who attack you in melee.
You have a pair of horns on your head.


Message History

The orc sorcerer is almost dead.
You hit the smoke demon but do no damage.
You completely miss the hellwing. You hit the sun demon.
You are covered in liquid flames!
The orc sorcerer hits you but does no damage.
The hellwing is engulfed in a cloud of scalding steam.
The hellwing closely misses you. You block the hellwing's attack.
You hit the orc sorcerer.
You kill the orc sorcerer!
The smoke demon disappears in a puff of smoke!
The hellwing disappears in a puff of smoke!
The sun demon disappears in a puff of smoke!
You are covered in liquid flames!
* * * LOW HITPOINT WARNING * * *
Unknown command.
It was a potion of flight.
You feel very buoyant.
You fly up into the air.
You are covered in liquid flames!
You die...

..............#......#...........
#.............#......#...........
###..........##............####.. #
#..........####........######..
###...........#.............#.##.
................(................
...(..[.......(.....#............
......[.....)..ยงยงยง.##.#..........
......####.....)@..####..........
.....## #..........# #..........
.....# ###[..[##### ##.......##
....#### #()[.# ###......#
...###.#####).)## ##....##
.####....##.)...# #..###
######.........## ##.# #
##..##......### ### # ##..........##
#


There were no monsters in sight!

Vanquished Creatures
  Azrael (Orc:2)
  A minotaur (Lab)
  A centaur warrior (D:11)
  2 two-headed ogres
  Urug (D:10)
  2 orc high priests (Orc:2)
  An orc knight (Orc:2)
  The ghost of Scuka the Carver, a novice BaFi of Cheibriados (D:6)
  4 orc sorcerers
  2 ugly things
  A manticore (D:13)
  A cyclops (Orc:1)
  A centaur zombie (D:10)
  A gargoyle (D:11)
  A centaur skeleton (D:13)
  A komodo dragon (D:12)
  A minotaur zombie (Lab)
  4 trolls
  The ghost of AdmiralAndromeda the Carver, an amateur BaMo of Ashenzari (D:5)
  A queen bee (D:11)
  A hornet (D:9)
  A hippogriff (D:8)
  A wraith (D:10)
  13 yaks
  A wyvern (D:10)
  A basilisk (D:12)
  Grum (D:9)
  3 fire elementals
  A hungry ghost (D:11)
  A warg (Orc:2)
  A soldier ant (D:8)
  2 hell hounds (Orc:1)
  4 water moccasins
  2 porcupines (D:11)
  A black bear (D:6)
  An eye of draining (D:9)
  3 ice beasts
  20 orc warriors
  A sky beast (D:9)
  A necrophage (D:11)
  15 ogres
  12 centaurs
  2 wolves (D:9)
  3 big kobolds
  A gnoll sergeant (D:11)
  14 bullfrogs
  A scorpion (D:11)
  38 killer bees
  7 wights
  3 howler monkeys (D:8)
  The ghost of glosham the Skirmisher, a weakling KoAr (D:4)
  5 crimson imps
  A quasit (D:11)
  4 jellies
  Crazy Yiuf (D:6)
  A bullfrog zombie (D:7)
  6 hounds
  A gnoll shaman (D:8)
  17 orc priests
  5 bullfrog skeletons
  24 orc wizards
  5 iguanas
  12 worker ants
  A hound zombie (D:5)
  A hound skeleton (D:5)
  A worker ant zombie (D:10)
  10 adders
  14 gnolls
  2 river rats (D:5)
  4 shadow imps
  An adder zombie (D:9)
  An adder skeleton (D:5)
  A worm (D:5)
  5 dart slugs
  8 leopard geckos
  76 orcs
  2 giant cockroaches
  8 goblins
  4 hobgoblins
  3 jackals
  8 quokkas
  2 ball pythons
  6 bats
  7 frilled lizards
  14 kobolds
  A leopard gecko skeleton (D:9)
  6 rats
  A fungus (D:6)
455 creatures vanquished.

Vanquished Creatures (others)
  An orc wizard (D:6)
  16 fungi (D:11)
  12 plants (D:11)
29 creatures vanquished.

Grand Total: 484 creatures vanquished

Notes
Turn   | Place    | Note
-------+----------+-------------------------------------------
     0 | D:1      | equalderp2856 the Minotaur Fighter began the quest for the Orb.
     0 | D:1      | Reached XP level 1. HP: 19/19 MP: 0/0
   277 | D:1      | Reached XP level 2. HP: 23/27 MP: 1/1
   539 | D:1      | Reached skill level 3 in Axes
   626 | D:2      | Reached XP level 3. HP: 29/33 MP: 2/2
  1232 | D:3      | Reached XP level 4. HP: 40/40 MP: 3/3
  1290 | D:3      | Found a glowing golden altar of the Shining One.
  1381 | D:3      | Reached skill level 4 in Axes
  2272 | D:4      | Found a hide-covered altar of Uskayaw.
  2300 | D:4      | Noticed glosham's ghost (weakling KoAr)
  2331 | D:3      | Reached XP level 5. HP: 19/46 MP: 4/4
  2822 | D:4      | Killed glosham's ghost
  3032 | D:4      | Reached skill level 5 in Armour
  3036 | D:4      | Reached skill level 1 in Dodging
  3037 | D:4      | Reached skill level 5 in Shields
  3037 | D:4      | Reached XP level 6. HP: 22/53 MP: 5/5
  3279 | D:4      | Found a shadowy altar of Dithmenos.
  3334 | D:4      | Reached skill level 5 in Axes
  3449 | D:5      | Entered Level 5 of the Dungeon
  4108 | D:5      | Reached XP level 7. HP: 45/60 MP: 6/6
  4424 | D:5      | Reached skill level 6 in Axes
  4444 | D:5      | Noticed AdmiralAndromeda's ghost (amateur BaMo)
  4512 | D:4      | Reached skill level 5 in Fighting
  4952 | D:5      | Killed AdmiralAndromeda's ghost
  4952 | D:5      | Reached skill level 7 in Axes
  4952 | D:5      | Reached XP level 8. HP: 42/69 MP: 7/7
  5358 | D:5      | Found a staircase to the Ecumenical Temple.
  5537 | D:6      | Noticed Scuka's ghost (novice BaFi)
  6153 | D:6      | Killed Scuka's ghost
  6153 | D:6      | Reached skill level 8 in Axes
  6893 | D:6      | Reached skill level 9 in Axes
  7096 | D:6      | Found a runed door.
  7100 | D:6      | Noticed Crazy Yiuf
  7104 | D:6      | Killed Crazy Yiuf
  7104 | D:6      | Reached XP level 9. HP: 73/75 MP: 8/8
  7413 | D:7      | Learned a level 1 spell: Apportation
  7547 | D:7      | Found an opulent altar of Gozag.
  7550 | D:7      | Noticed Verendum's ghost (novice DDFi)
  7894 | D:7      | Found a blossoming altar of Fedhas.
  7895 | D:7      | Found a stormy altar of Qazlal.
  7895 | D:7      | Found a shattered altar of Ashenzari.
  7907 | D:7      | Found an iron altar of Okawaru.
  7952 | D:7      | Found a blossoming altar of Fedhas.
  7962 | D:7      | Noticed an oklob plant
  8162 | D:8      | Reached skill level 1 in Stealth
  8185 | D:8      | Reached skill level 10 in Axes
  8190 | D:8      | Noticed a two-headed ogre
  8586 | D:8      | Killed a two-headed ogre
  9248 | D:7      | Reached XP level 10. HP: 84/84 MP: 9/9
  9880 | D:8      | Found Futhrius's Antique Weapon Shop.
 10131 | D:8      | Reached skill level 11 in Axes
 10535 | D:9      | Noticed Grum
 10551 | D:9      | Killed Grum
 10973 | D:9      | Paralysed by a hornet for 1 turns
 10980 | D:9      | Paralysed by a hornet for 2 turns
 11865 | D:10     | Entered Level 10 of the Dungeon
 11993 | D:10     | Noticed Urug
 12228 | D:10     | Killed Urug
 12423 | D:10     | Reached skill level 12 in Axes
 12698 | D:10     | Reached skill level 10 in Shields
 12718 | D:10     | Reached XP level 11. HP: 84/95 MP: 10/10
 12846 | D:10     | Noticed a two-headed ogre
 13096 | D:10     | Found a runed door.
 13120 | D:10     | Found a white marble altar of Elyvilon.
 13140 | D:10     | Reached skill level 10 in Armour
 13154 | D:10     | Reached skill level 5 in Dodging
 13874 | D:11     | Noticed a green ugly thing
 13875 | D:11     | Noticed a centaur warrior
 13902 | D:11     | Killed a green ugly thing
 13902 | D:11     | Reached skill level 13 in Axes
 13907 | D:11     | Killed a centaur warrior
 14911 | D:11     | Paralysed by a gnoll for 7 turns
 16242 | D:11     | Found a staircase to the Lair.
 16766 | D:12     | Reached XP level 12. HP: 77/105 MP: 11/11
 16773 | D:12     | Reached skill level 14 in Axes
 16932 | D:12     | Found a labyrinth entrance.
 16941 | Lab      | Entered a labyrinth
 17710 | Lab      | Noticed a minotaur
 17717 | Lab      | Killed a minotaur
 17883 | Lab      | Got a translucent hand axe
 17883 | Lab      | Got a warped morningstar
 18650 | D:12     | Found a staircase to the Orcish Mines.
 19137 | D:13     | Reached skill level 1 in Evocations
 19223 | D:13     | Noticed Frances
 20216 | Orc:1    | Entered Level 1 of the Orcish Mines
 20497 | Orc:1    | Reached skill level 10 in Fighting
 20789 | Orc:1    | You fall through a shaft!
 20789 | Orc:2    | Entered Level 2 of the Orcish Mines
 21282 | Orc:2    | Noticed Azrael
 21673 | Orc:2    | Killed Azrael
 22233 | D:12     | Killed a two-headed ogre
 22250 | D:12     | Reached skill level 15 in Axes
 22987 | Orc:2    | Identified the +3 hand axe of Ascent {drain, rF+ rC+} (You found it in a labyrinth)
 23000 | Orc:2    | Noticed an orc high priest
 23004 | Orc:2    | Found a staircase to the Elven Halls.
 23019 | Orc:2    | Killed an orc high priest
 23032 | Orc:2    | Noticed an orc high priest
 23046 | Orc:2    | HP: 5/107 [orc priest/divine providence (11)]
 23856 | Orc:2    | Killed an orc high priest
 24343 | Orc:2    | Reached XP level 13. HP: 29/114 MP: 13/13
 24572 | Orc:2    | HP: 4/114 [sun demon[an orc sorcerer] (6)]
 24575 | Orc:2    | HP: 1/114 [burnt (1)]
 24576 | Orc:2    | Incinerated by a smoke demon

Skill      XL: |  1  2  3  4  5  6  7  8  9 10 11 12 |
---------------+-------------------------------------+-----
Axes           | 3 4 5 7 9 10 12 13 15 | 15.3
Armour         | 4 5 6 7 8 9 10 11 | 11.9
Fighting       | 4 5 6 8 9 10 | 10.6
Shields        | 4 5 6 8 10 11 12 | 12.4
Dodging        | 1 2 3 4 5 |  5.9
Stealth        | 1 3 |  3.3
Evocations     | 1 |  1.8

Action                   |  1- 3 |  4- 6 |  7- 9 | 10-12 | 13-15 || total
-------------------------+-------+-------+-------+-------+-------++-------
Melee: War axe           |    71 |   127 |   333 |  1109 |    18 ||  1658
       Headbutt          |     9 |    20 |    82 |   240 |     3 ||   354
Evoke: Wand              |       |       |     3 |    27 |       ||    30
  Use: Potion            |       |     2 |     5 |    10 |     1 ||    18
       Scroll            |       |     1 |       |    18 |       ||    19
 Stab: Paralysed         |       |       |       |     5 |       ||     5
  Eat: Chunk             |     1 |     1 |     7 |    32 |       ||    41
       Ration            |       |     2 |     3 |     5 |       ||    10
Armor: Scale mail        |    28 |    56 |   122 |   215 |       ||   421
       Plate armour      |       |       |       |    20 |    11 ||    31
Dodge: Dodged            |    22 |    32 |   114 |   365 |     3 ||   536
       Deflected         |       |       |       |    25 |     1 ||    26
Block: Shield            |    33 |    84 |   213 |   667 |    14 ||  1011
